 Dungeon Crawl Stone Soup version 0.27.0-1-g7a089689b8 (webtiles) character file.

Game seed: 7010060181228002729

9 theswoord the Twirler (level 2, 0/22 HPs)
             Began as a Demonspawn Gladiator on Aug 5, 2021.
             Slain by an adder (3 damage)
             ... on level 1 of the Dungeon on Aug 6, 2021.
             The game lasted 00:01:31 (1151 turns).

theswoord the Twirler (Demonspawn Gladiator)        Turns: 1151, Time: 00:01:32

Health: 0/22       AC:  5    Str: 14    XL:     2   Next: 3%
Magic:  2/2        EV: 12    Int:  9    God:
Gold:   39         SH:  0    Dex: 14    Spells: 1/1 levels left

rFire    . . .     SeeInvis .   a - +0 quarterstaff
rCold    . . .     Faith    .   (shield currently unavailable)
rNeg     . . .     Spirit   .   b - +0 leather armour
rPois    .         Reflect  .   h - +2 hat
rElec    .         Harm     .   (no cloak)
rCorr    .         Rampage  .   (no gloves)
Will     .....                  (no boots)
Stlth    +.........             (no amulet)
HPRegen  0.07/turn              (no ring)
MPRegen  0.08/turn              (no ring)

@: no status effects
A: talons 1
a: no special abilities


You were on level 1 of the Dungeon.
You visited 1 branch of the dungeon, and saw 2 of its levels.

You collected 39 gold pieces.

Inventory:

Hand Weapons
 a - a +0 quarterstaff (weapon)
Missiles
 d - 3 throwing nets (quivered)
Armour
 b - a +0 leather armour (worn)
 c - a +0 helmet
 h - a +2 hat (worn)
Scrolls
 g - a scroll of identify {unknown}
 i - a scroll of noise {unknown}
Potions
 f - a potion of magic {unknown}


   Skills:
 - Level 2.0 Fighting
 + Level 3.2 Staves
 - Level 1.7 Throwing
 - Level 2.6 Dodging


You had one spell level left.
You didn't know any spells.
Your spell library was empty.

Dungeon Overview and Level Annotations

Branches:
Dungeon (2/15)

Altars:

Shops:
D:1 [


Innate Abilities, Weirdness & Mutations

You have sharp toenails.


Message History

You kill the bat!
The adder bites you but does no damage.
You closely miss the adder. The adder bites you. x2
You are poisoned.
The adder poisons you! The dart slug launches a dart at you.
The slug dart misses you.
You hit the adder. Your kick misses the adder.
The adder is lightly wounded.
You feel sick. The adder bites you.
You are more poisoned.
The adder poisons you!
A goblin comes into view. It is wielding a +0 club.
* * * LOW HITPOINT WARNING * * *
You feel very sick. The adder barely misses you. x2
You climb upwards.
You feel sick.
There is a stone staircase leading down here.
Unknown command.
You closely miss the adder.
The adder is lightly wounded.
You feel sick. The adder bites you but does no damage.
You hit the adder. You claw the adder.
The adder is severely wounded.
You feel sick. The adder misses you. x2
You miss the adder. Your kick misses the adder.
The adder is severely wounded.
You feel sick. The adder completely misses you.
You completely miss the adder.
The adder is severely wounded.
You feel sick. The adder barely misses you. x2
You miss the adder.
The adder is severely wounded.
You feel sick.
You are no longer poisoned.
The adder bites you but does no damage.
You miss the adder. You claw the adder, but do no damage.
The adder is heavily wounded.
The adder misses you. The adder bites you.
You die...

#....#
####.####....###.#......
###..######.# ##.##.#
#.#......
#.......).###.....###.#.#.##.
##...........#.##.....#.#....
#.#########.#.##.##.........
#.#########.................
####(....##.#.##......######
#.....'.S..#####.#.#####
#.....##@..............#
#####.##.#######...###.##
#....##.# ##### #..#
####.##.# ##.# #####.##.####
#.# ####.....##....## #.#
#...............# #.#
#.#..........)#.# ####..
#.............#.# ##.....


You could see an adder.

Vanquished Creatures
  An endoplasm (D:1)
  A hobgoblin (D:2)
  3 kobolds
  A bat (D:2)
  2 frilled lizards
  A goblin (D:1)
9 creatures vanquished.

Notes
Turn   | Place    | Note
-------+----------+-------------------------------------------
     0 | D:1      | theswoord the Demonspawn Gladiator began the quest for the
                  | Orb.
     0 | D:1      | Reached XP level 1. HP: 16/16 MP: 1/1
   522 | D:1      | Found Gilenur's Antique Armour Shop.
   801 | D:1      | Reached skill level 3 in Staves
  1102 | D:2      | Noticed an ogre
  1104 | D:2      | Gained mutation: You have sharp toenails. [demonic
                  | ancestry]
  1104 | D:2      | Reached XP level 2. HP: 22/22 MP: 2/2
  1151 | D:1      | Slain by an adder

Skill      XL: |  1 |
---------------+----+-----
Staves         | 3 |  3.2
Fighting       | |  2.0
Throwing       | |  1.7
Dodging        | |  2.6

Action                   || total
-------------------------++-------
Melee: Quarterstaff      ||    41
       Kick              ||     3
  Use: Potion            ||     1
Armor: Leather armour    ||    16
Dodge: Dodged            ||    25

Levels and vault maps discovered:
D:1:      wander_arrival_peaceful_grave, layout_basic, serial_shops,
          nicolae_shop_stone
D:2:      layout_rooms
